 Dungeon Crawl Stone Soup version 0.30-a0-341-g682706514a (webtiles) character file.

Game seed: 17048297778411001981

18 hikkokomori the Conjurer (level 2, 0/20 HPs)
             Began as a Demigod Conjurer on Nov 4, 2022.
             Slain by a gnoll
             ... wielding a +0 club
              (6 damage)
             ... on level 2 of the Dungeon.
             The game lasted 00:02:05 (1148 turns).

hikkokomori the Conjurer (Demigod Conjurer)         Turns: 1148, Time: 00:02:06

Health: 0/20       AC:  2    Str: 14    XL:     2   Next: 33%
Magic:  1/7        EV: 12    Int: 20    God:
Gold:   63         SH:  0    Dex: 12    Spells: 2/5 levels left

rFire   . . .      SeeInvis .    c - +0 dagger
rCold   . . .      Faith    .    (no shield)
rNeg    . . .      Spirit   .    a - +0 robe
rPois   .          Reflect  .    (no helmet)
rElec   .          Harm     .    (no cloak)
rCorr   .          Rampage  .    (no gloves)
Will    .....                    (no boots)
Stlth   ++........               (no amulet)
HPRegen 0.23/turn                f - +6 ring of strength
MPRegen 0.10/turn                h - ring of wizardry

@: no status effects
A: high MP 1, forlorn, divine attributes
a: no special abilities


You were on level 2 of the Dungeon.
You visited 1 branch of the dungeon, and saw 2 of its levels.

You collected 63 gold pieces.

Inventory:

Hand Weapons
 c - a +0 dagger (weapon)
Armour
 a - a +0 robe (worn)
Jewellery
 f - a +6 ring of strength (left hand)
 h - a ring of wizardry (right hand)
Potions
 b - 2 potions of magic
 d - a potion of haste {unknown}
 e - a potion of curing {unknown}
 g - a potion of degeneration {unknown}


   Skills:
 - Level 1.7 Dodging
 - Level 1.7 Stealth
 + Level 2.2 Spellcasting
 + Level 4.0 Conjurations


You had 2 spell levels left.
You knew the following spells:

 Your Spells              Type           Power      Damage    Failure   Level
a - Magic Dart            Conj           72%        1d6       1%          1
b - Searing Ray           Conj           36%        2d5       1%          2

Your spell library contained the following spells:

 Spells                   Type           Power      Damage    Failure   Level
 Kiss of Death            Conj/Necr      40%        2d8       2%          1
 Dazzling Flash           Conj/Hex       20%        N/A       9%          3
 Fulminant Prism          Conj/Hex       5%         3d6       26%         4
 Iskenderun's Mystic Bla  Conj/Tloc      10%        2d4       26%         4


Dungeon Overview and Level Annotations

Branches:
Dungeon (2/15)


Innate Abilities, Weirdness & Mutations

You have an increased reservoir of magic. (+10% MP)
You shall have no god before yourself.
Your divine heritage dramatically boosts your attributes as you level up.


Message History

The kobold is heavily wounded.
A gnoll comes into view. It is wielding a +0 club.
The magic dart hits the kobold.
You kill the kobold!
The gnoll shouts!
You hear a shout! x3
Your Conjurations skill increases to level 4!
A gnoll comes into view. It is wielding a +0 spear.
The magic dart hits the gnoll but does no damage.
The magic dart hits the gnoll but does no damage.
The magic dart hits the gnoll.
The gnoll is moderately wounded.
The magic dart hits the gnoll but does no damage.
The gnoll is moderately wounded.
An endoplasm comes into view.
You are out of magic!
You are out of magic!
You are out of magic!
You are out of magic!
You hit the gnoll but do no damage.
The gnoll is moderately wounded.
The gnoll barely misses you.
You hit the gnoll but do no damage.
The gnoll is moderately wounded.
The gnoll hits you with a +0 club.
You hit the gnoll.
The gnoll is heavily wounded.
The gnoll hits you with a +0 club.
You hit the gnoll.
The gnoll is heavily wounded.
The gnoll closely misses you. The gnoll misses you.
Unknown command.
Casting: Magic Dart (safe; 1% risk of failure)
Confirm with . or Enter, or press ? or * to list all spells.
Okay, then.
You hit the gnoll.
The gnoll is severely wounded.
The gnoll hits you from afar with a +0 spear!
* * * LOW HITPOINT WARNING * * *
The gnoll hits you with a +0 club.
You die...

#.# #.# #.# +# #.# ..##
##.### ...## ##....#
....## ##.....# .
.....####......#######...#
.....'..........@gggw.....
.....####.....######...[##
....## ##.#.## .#.# ...##
###.# w. ..## #.# g. '##
#.# #J .# .# .######


You could see 3 gnolls and a dart slug.

Vanquished Creatures
  A ball python (D:1)
  2 endoplasms
  2 giant cockroaches (D:1)
  2 hobgoblins
  A kobold (D:2)
  A quokka (D:1)
  2 bats
  A frilled lizard (D:1)
  2 goblins (D:1)
  2 rats (D:1)
16 creatures vanquished.

Vanquished Creatures (others)
  11 plants (D:1)
11 creatures vanquished.

Grand Total: 27 creatures vanquished

Notes
Turn   | Place    | Note
-------+----------+-------------------------------------------
     0 | D:1      | hikkokomori the Demigod Conjurer began the quest for the
                  | Orb.
     0 | D:1      | Reached XP level 1. HP: 14/14 MP: 5/5
   407 | D:1      | Reached XP level 2. HP: 20/20 MP: 4/7
  1000 | D:2      | Learned a level 2 spell: Searing Ray
  1049 | D:2      | Got Plato's Grimoire of Iniquitous Liturgies
  1138 | D:2      | Reached skill level 4 in Conjurations
  1148 | D:2      | Slain by a gnoll

Illustrated notes

Levels and vault maps discovered:
D:1:      roderic_crop_circles_arrival_small, layout_basic, st_stairs_10
D:2:      layout_loops_corners, shapermc_ecumenical_altar_rom_forum,
          minmay_fractal_squares_5

Skill      XL: |  1  2 |
---------------+-------+-----
Spellcasting   | 2 |  2.2
Conjurations   | 4 |  4.0
Dodging        | |  1.7
Stealth        | |  1.7

Action                   || total
-------------------------++-------
Melee: Unarmed           ||    12
       Punch             ||     1
       Dagger            ||     5
 Cast: Magic Dart        ||    35
Armor: Robe              ||     2
Dodge: Dodged            ||     9

Table legend: (Time is in decaauts)
 A = Elapsed time spent in this place.
 B = Non-inter-level travel time spent in this place.
 C = Inter-level travel time spent in this place.
 D = Time resting spent in this place.
 E = Time spent auto-exploring this place.
 F = Levels seen in this place.
 G = Mean time per level.
                   A        B        C        D        E       F      G
               +--------+--------+--------+--------+--------+-----+--------+
         Total |   1146 |   1117 |     29 |      0 |    999 |   2 |  573.0 |
       Dungeon |   1146 |   1117 |     29 |      0 |    999 |   2 |  573.0 |
               +--------+--------+--------+--------+--------+-----+--------+

Top non-repeatable levels by time:
     D:1: 987 daAuts
     D:2: 159 daAuts
